 Dungeon Crawl Stone Soup version 0.30-a0-458-g86641cc (webtiles) character file.

Game seed: 8933495569030987210

14 PurpleRed the Conjurer (level 2, 0/24 HPs)
             Began as a Deep Elf Reaver on Dec 14, 2022.
             Succumbed to a kobold's poison
             ... on level 3 of the Dungeon.
             The game lasted 00:04:29 (628 turns).

PurpleRed the Conjurer (Deep Elf Reaver)             Turns: 628, Time: 00:04:30

Health: 0/24       AC: 21    Str:  9    XL:     2   Next: 27%
Magic:  8/8        EV:  2    Int: 17    God:
Gold:   66         SH:  0    Dex: 13    Spells: 5/8 levels left

rFire   . . .      SeeInvis .    a - +0 short sword
rCold   . . .      Faith    .    (no shield)
rNeg    . . .      Spirit   .    (body armour currently unavailable)
rPois   +          Reflect  .    (helmet currently unavailable)
rElec   .          Harm     .    (cloak currently unavailable)
rCorr   .          Rampage  .    (gloves currently unavailable)
Will    .....      NoTele   +    (boots currently unavailable)
Stlth   +.........               h - amulet of magic regeneration
HPRegen 0.24/turn                (no ring)
MPRegen 0.51/turn                (no ring)

@: mighty, lethally poisoned (0 -> -2), tree-form
A: stationary, stasis, torment immunity, boosted hp
a: no special abilities


You were on level 3 of the Dungeon.
You were a tree.
You visited 1 branch of the dungeon, and saw 3 of its levels.

You collected 66 gold pieces.

Inventory:

Hand Weapons
 a - a +0 short sword (weapon)
Armour
 b - a +0 leather armour (melded)
 c - a +0 ring mail
Jewellery
 h - an amulet of magic regeneration (around neck)
Scrolls
 j - a scroll of identify {unknown}
 k - a scroll of summoning {unknown}


   Skills:
 - Level 1.5 Fighting
 - Level 3.0 Short Blades
 - Level 2.4 Dodging
 + Level 3.6 Spellcasting
 + Level 3.7 Conjurations


You had 5 spell levels left.
You knew the following spells:

 Your Spells              Type           Power      Damage    Failure   Level
a - Kiss of Death         Conj/Necr      36%        2d8       8%          1
b - Momentum Strike       Conj/Tloc      18%        3d8       12%         2

Your spell library contained the following spells:

 Spells                   Type           Power      Damage    Failure   Level
 Hailstorm                Conj/Ice       9%         3d4       22%         3
 Kindle Blastsparks       Fire/Tloc/Air  6%         2d10      43%         3
 Fulminant Prism          Conj/Hex       4%         3d5       58%         4
 Iskenderun's Mystic Bla  Conj/Tloc      9%         2d4       58%         4
 Lee's Rapid Deconstruct  Erth           1%         3d4*      99%         5


Dungeon Overview and Level Annotations

Branches:
Dungeon (3/15)

Altars:


Message History

You are poisoned.
You feel sick.
The kobold throws a poisoned dart.
The poisoned dart hits you!
You are lethally poisoned!
There is an open door here.
Okay, then.
You feel very sick.
Okay, then.
You close the door.
You feel very sick.
It was a potion of might.
You feel very mighty all of a sudden.
You feel sick.
It was a potion of lignification.
You turn into a tree.
Your +0 leather armour melds into your body.
Your roots penetrate the ground.
* * * LOW HITPOINT WARNING * * *
You feel sick.
It was a potion of flight.
Your roots keep you in place.
* * * LOW HITPOINT WARNING * * *
You feel sick.
A kobold opens the door.
You hit the rat.
You kill the rat!
* * * LOW HITPOINT WARNING * * *
You feel sick.
The kobold throws a poisoned dart.
The poisoned dart hits you!
You close the door, pushing everything out of the way.
You see here a rat corpse.
* * * LOW HITPOINT WARNING * * *
You feel sick.
A kobold opens the door.
As you read the scroll labelled XUXEUSU LIFEDADGH, it crumbles to dust.
You cannot blink because you are held in place by your roots.
It was a scroll of blinking.
* * * LOW HITPOINT WARNING * * *
You feel sick.
As you read the scroll labelled TAROTI SAIZIHA, it crumbles to dust.
You feel a strange sense of stasis.
It was a scroll of teleportation.
* * * LOW HITPOINT WARNING * * *
You feel sick. The kobold hits you but does no damage.
You puncture the kobold!
You kill the kobold!
You die...

#.#.......##
##..........#
...[.......+
#.........#
#.......# #.....#
#[..# ##)## #♣#
#.# ##.##
##...######
#..........
########....#####
..........#.####
###.#.)........
#......###.


There were no monsters in sight!

Vanquished Creatures
  A giant cockroach (D:2)
  A goblin (D:1)
  A hobgoblin (D:2)
  A quokka (D:1)
  A ball python (D:2)
  2 bats (D:2)
  3 frilled lizards
  2 kobolds
  3 rats
15 creatures vanquished.

Vanquished Creatures (others)
  A worm (D:2)
  A dart slug (D:2)
  An endoplasm (D:3)
  A giant cockroach (D:2)
  A goblin (D:2)
  A hobgoblin (D:2)
  A rat (D:2)
7 creatures vanquished.

Grand Total: 22 creatures vanquished

Notes
Turn   | Place    | Note
-------+----------+-------------------------------------------
     0 | D:1      | PurpleRed the Deep Elf Reaver began the quest for the Orb.
     0 | D:1      | Reached XP level 1. HP: 12/12 MP: 6/6
   273 | D:2      | Reached XP level 2. HP: 6/16 MP: 6/8
   278 | D:2      | Learned a level 2 spell: Momentum Strike
   412 | D:2      | Found a faded altar of an unknown god.
   626 | D:3      | HP: 1/24 [poisoned by a kobold]
   628 | D:3      | Succumbed to a kobold's poison

Illustrated notes

Levels and vault maps discovered:
D:1:      elethiomel_arrival_maze, layout_basic, serial_shops,
          nicolae_shop_overgrown_old_shop
D:2:      layout_loops_ring, basic_ecumenical_altar
D:3:      layout_loops_corners, uniq_sigmund

Action                   || total
-------------------------++-------
Melee: Short sword       ||    42
       Punch             ||     1
 Cast: Momentum Strike   ||    10
  Use: Potion            ||     3
       Scroll            ||     2
Armor: Leather armour    ||    11
       Skin              ||     1
Dodge: Dodged            ||    20

Table legend: (Time is in decaauts)
 A = Elapsed time spent in this place.
 B = Non-inter-level travel time spent in this place.
 C = Inter-level travel time spent in this place.
 D = Time resting spent in this place.
 E = Time spent auto-exploring this place.
 F = Levels seen in this place.
 G = Mean time per level.
                   A        B        C        D        E       F      G
               +--------+--------+--------+--------+--------+-----+--------+
         Total |    621 |    621 |      0 |     32 |      0 |   3 |  207.0 |
       Dungeon |    621 |    621 |      0 |     32 |      0 |   3 |  207.0 |
               +--------+--------+--------+--------+--------+-----+--------+

Top non-repeatable levels by time:
     D:2: 386 daAuts
     D:1: 186 daAuts
     D:3: 49 daAuts
